 Dungeon Crawl Stone Soup version 0.24-a0-189-g5d897e9 (webtiles) character file.

Game seed: 3279310009758511534

1610253 kal9871 the Merry Centaur (level 27, 270/270 HPs)
             Began as a Centaur Hunter on Mar 14, 2019.
             Was the Champion of Okawaru.
             Escaped with the Orb
             ... and 3 runes on Mar 17, 2019!
             The game lasted 03:11:27 (83132 turns).

kal9871 the Merry Centaur (Centaur Hunter)         Turns: 83132, Time: 03:11:28

Health: 270/270    AC: 40    Str: 21    XL:     27
Magic:  30/30      EV: 16    Int: 13    God:    Okawaru [******]
Gold:   4018       SH:  0    Dex: 25    Spells: 33/35 levels left

rFire    + + +     SeeInvis +   a - +9 longbow (freeze)
rCold    + + +     Gourm    .   (shield currently unavailable)
rNeg     + + +     Faith    .   k - +8 chain mail "Kudghoc" {rElec rN+++ Str-2 Dex-2 Slay+4}
rPois    +         Spirit   .   o - +2 helmet {Int+3}
rElec    +         Reflect  .   F - scarf {rC+ rF+}
rCorr    .         Harm     .   q - +3 pair of gauntlets of War {Slay+5}
MR       ++++.                  R - +4 centaur barding {rF+}
Stlth    ..........             g - amulet of regeneration
HPRegen  0.95/turn              n - ring "Vuus" {+Fly rF+ rC+ Str+3 Dex+3}
MPRegen  0.22/turn              N - ring "Vorgh" {rPois rC+ MR+ Dex+4 SInv}

@: studying Stealth, very quick
A: large, hooves 3, thin skeletal structure 1, deformed body, deterioration 1,
speed 2, magic resistance 1, sense surroundings 1, screaming 1, tough skin 3
0: Orb of Zot
}: 3/15 runes: serpentine, barnacled, silver
a: Heroism, Finesse, Renounce Religion, Evoke Flight


You escaped.
You worshipped Okawaru.
Okawaru was exalted by your worship.
You were not hungry.

You visited 10 branches of the dungeon, and saw 50 of its levels.
You visited the Abyss 2 times.
You visited 1 bazaar.
You also visited: Ice Cave.

You collected 7921 gold pieces.
You spent 3903 gold pieces at shops.

Inventory:

Hand Weapons
 a - a +9 longbow of freezing (weapon)
 b - a +5 bardiche of freezing
Missiles
 v - 706 arrows (quivered)
Armour
 k - the +8 chain mail "Kudghoc" (worn) {rElec rN+++ Str-2 Dex-2 Slay+4}
   (You bought it in a shop on level 1 of the Elven Halls)

   It affects your strength (-2).
   It affects your dexterity (-2).
   It affects your accuracy and damage with ranged weapons and melee attacks
   (+4).
   It insulates you from electricity.
   It renders you almost immune to negative energy.
 o - a +2 helmet of intelligence (worn)
 q - the +3 pair of gauntlets of War (worn) {Slay+5}
   (Okawaru gifted it to you on level 2 of the Orcish Mines)

   It affects your accuracy and damage with ranged weapons and melee attacks
   (+5).
 F - a scarf of resistance (worn)
 R - a +4 centaur barding of fire resistance (worn)
Jewellery
 g - an amulet of regeneration (around neck)
 n - the ring "Vuus" (left hand) {+Fly rF+ rC+ Str+3 Dex+3}
   (You bought it in a shop on level 1 of the Elven Halls)

   [ring of dexterity]

   It affects your strength (+3).
   It affects your dexterity (+3).
   It protects you from fire.
   It protects you from cold.
   It lets you fly.
 N - the ring "Vorgh" (right hand) {rPois rC+ MR+ Dex+4 SInv}
   (You bought it in a shop in a bazaar)

   [ring of protection from cold]

   It affects your dexterity (+4).
   It protects you from cold.
   It protects you from poison.
   It affects your resistance to hostile enchantments.
   It lets you see invisible.
Wands
 r - a wand of disintegration (13)
 t - a wand of scattershot (16)
 x - a wand of random effects (17)
 I - a wand of digging (19)
 M - a wand of acid (63)
 Q - a wand of iceblast (54)
Scrolls
 c - 7 scrolls of immolation
 e - 17 scrolls of identify
 h - 4 scrolls of fear
 i - 31 scrolls of remove curse
 j - 17 scrolls of teleportation
 p - 8 scrolls of blinking
 u - a scroll of enchant weapon
 w - a scroll of silence
 y - 11 scrolls of fog
 L - 7 scrolls of magic mapping
 T - 3 scrolls of holy word
 W - 4 scrolls of summoning
Potions
 d - 3 potions of resistance
 l - 12 potions of haste
 m - 11 potions of might
 s - 3 potions of ambrosia
 A - 17 potions of curing
 E - 10 potions of flight
 G - 7 potions of cancellation
 H - 7 potions of berserk rage
 J - 10 potions of brilliance
 K - 5 potions of heal wounds
 O - 5 potions of magic
 S - 6 potions of agility
 Z - 2 potions of invisibility
Books
 z - a manual of Stealth
Miscellaneous
 D - 4 phantom mirrors
Comestibles
 f - 69 rations


   Skills:
 + Level 26.5 Fighting
   Level 0.3 Short Blades
 * Level 17.0 Polearms
 O Level 27 Bows
 - Level 1.2 Throwing
 + Level 15.9 Armour
 * Level 15.5 Dodging
 - Level 0.4 Stealth
 - Level 4.7 Spellcasting
 - Level 11.7 Translocations
 - Level 8.3 Invocations
 - Level 6.4 Evocations


You had 33 spell levels left.
You knew the following spells:

 Your Spells              Type           Power        Failure   Level  Hunger
a - Blink                 Tloc           N/A          1%          2    ##.....

Your spell library contained the following spells:

 Spells                   Type           Power        Failure   Level  Hunger
 Apportation              Tloc           ####..       1%          1    None
 Lesser Beckoning         Tloc           ####......   2%          3    ###....
 Shroud of Golubria       Chrm/Tloc      ###.......   12%         2    ##.....
 Portal Projectile        Hex/Tloc       ###...       24%         3    ###....
 Recall                   Summ/Tloc      N/A          24%         3    ###....
 Animate Skeleton         Necr           N/A          65%         1    None
 Beastly Appendage        Tmut           #.....       65%         1    None
 Corona                   Hex            #......      65%         1    None
 Flame Tongue             Conj/Fire      #....        65%         1    None
 Freeze                   Ice            #...         65%         1    None
 Infusion                 Chrm           #...         65%         1    None
 Magic Dart               Conj           #...         65%         1    None
 Pain                     Necr           #...         65%         1    None
 Sandblast                Erth           #.....       65%         1    None
 Shock                    Conj/Air       #...         65%         1    None
 Summon Butterflies       Summ           #.......     65%         1    None
 Summon Small Mammal      Summ           #...         65%         1    None
 Call Imp                 Summ           #.......     80%         2    ##.....
 Passwall                 Tmut/Erth      #.......     80%         2    ##.....
 Poisonous Vapours        Pois/Air       #.....       80%         2    ##.....
 Slow                     Hex            #.......     80%         2    ##.....
 Song of Slaying          Chrm           #.......     80%         2    ##.....
 Sticks to Snakes         Tmut           #.......     80%         2    ##.....
 Sublimation of Blood     Necr           #.........   80%         2    ##.....
 Swiftness                Chrm/Air       #.......     80%         2    ##.....
 Throw Frost              Conj/Ice       #.....       80%         2    ##.....
 Summon Forest            Summ/Tloc      ###.......   92%         5    ######.
 Call Canine Familiar     Summ           #.......     95%         3    ###....
 Conjure Flame            Conj/Fire      #.......     95%         3    ###....
 Ignite Poison            Fire/Tmut/Pois #.......     95%         3    ###....
 Inner Flame              Hex/Fire       #.......     95%         3    ###....
 Mephitic Cloud           Conj/Pois/Air  #.......     95%         3    ###....
 Ozocubu's Armour         Chrm/Ice       #.......     95%         3    ###....
 Regeneration             Chrm/Necr      #.........   95%         3    ###....
 Spectral Weapon          Hex/Chrm       #.......     95%         3    ###....
 Spider Form              Tmut/Pois      #.........   95%         3    ###....
 Static Discharge         Conj/Air       #.......     95%         3    ###....
 Stone Arrow              Conj/Erth      #.....       95%         3    ###....
 Summon Guardian Golem    Hex/Summ       #.......     95%         3    ###....
 Tukima's Dance           Hex            #.......     95%         3    ###....
 Vampiric Draining        Necr           #.........   95%         3    ###....
 Airstrike                Air            #.........   100%        4    ####...
 Animate Dead             Necr           N/A          100%        4    ####...
 Cause Fear               Hex            #.........   100%        4    ####...
 Ice Form                 Ice/Tmut       #.......     100%        4    ####...
 Leda's Liquefaction      Hex/Erth       #.........   100%        4    ####...
 Petrify                  Tmut/Erth      #.......     100%        4    ####...
 Summon Ice Beast         Ice/Summ       #.......     100%        4    ####...
 Summon Lightning Spire   Summ/Air       #.......     100%        4    ####...
 Throw Icicle             Conj/Ice       #.......     100%        4    ####...
 Alistair's Intoxication  Tmut/Pois      #.......     100%        5    ######.
 Aura of Abjuration       Summ           #.........   100%        5    ######.
 Blade Hands              Tmut           #.........   100%        5    ######.
 Irradiate                Conj/Tmut      #.........   100%        5    ######.
 Lee's Rapid Deconstruct  Erth           #.........   100%        5    ######.
 Lightning Bolt           Conj/Air       #.........   100%        5    ######.
 Metabolic Englaciation   Hex/Ice        #.........   100%        5    ######.
 Summon Demon             Summ           #.........   100%        5    ######.
 Summon Mana Viper        Hex/Summ       #.......     100%        5    ######.
 Bolt of Cold             Conj/Ice       #.........   100%        6    #######
 Bolt of Fire             Conj/Fire      #.........   100%        6    #######
 Freezing Cloud           Conj/Ice/Air   #.........   100%        6    #######
 Invisibility             Hex            #.......     100%        6    #######
 Ozocubu's Refrigeration  Ice            #.........   100%        6    #######
 Poison Arrow             Conj/Pois      #.........   100%        6    #######
 Shadow Creatures         Summ           N/A          100%        6    #######
 Simulacrum               Ice/Necr       #.........   100%        6    #######
 Dragon Form              Tmut           #.........   100%        7    #######
 Ring of Flames           Chrm/Fire      #.........   100%        7    #######
 Chain Lightning          Conj/Air       #.........   100%        8    #######
 Ignition                 Fire           #.........   100%        8    #######
 Lehudib's Crystal Spear  Conj/Erth      #.........   100%        8    #######
 Dragon's Call            Summ           #.........   100%        9    #######
 Fire Storm               Conj/Fire      #.........   100%        9    #######
 Glaciate                 Conj/Ice       #.........   100%        9    #######
 Shatter                  Erth           #.........   100%        9    #######
 Tornado                  Air            #.........   100%        9    #######


Dungeon Overview and Level Annotations

Branches:
Dungeon (15/15)            Temple (1/1) D:6            Lair (6/6) D:11
 Shoals (4/4) Lair:4        Snake (4/4) Lair:3        Slime (0/5) Lair:5
    Orc (2/2) D:10            Elf (3/3) Orc:2        Vaults (5/5) D:14
  Crypt (0/3) Vaults:2     Depths (5/5) D:15            Zot (5/5) Depths:5

Altars:
Ashenzari
Cheibriados
Dithmenos
Elyvilon
Fedhas
Gozag
Hepliaklqana
Kikubaaqudgha
Makhleb
Nemelex Xobeh
Okawaru
Qazlal
Ru
Sif Muna
Trog
Uskayaw
Vehumet
Wu Jian
Xom
Yredelemnul
Zin
The Shining One
Beogh
Jiyva

Shops:
D:4 :   D:7 [   D:14 }   Orc:2 ?[%%*   Elf:1 [*[   Snake:3 [   Depths:1 =*
Depths:4 [   Depths:5 !%((

Portals:
Hell: Depths:1 Depths:2 Depths:3 Depths:4 Depths:5
Abyss: Depths:4
Pandemonium: Depths:2 Depths:3 Depths:4
Ziggurat: Depths:4
Trove: Depths:2 (give 11 potions of heal wounds)

Annotations:
Lair:6 1 runed translucent door


Innate Abilities, Weirdness & Mutations

You have hooves in place of feet.
Armour fits poorly on your strangely shaped body.
You cover ground very quickly.
You have extremely tough skin. (AC +3)
You have a somewhat thin skeletal structure. (Dex +2, Stealth)
Your body sometimes deteriorates upon taking damage.
You are resistant to hostile enchantments. (MR+)
You passively map a small area around you.
You occasionally shout uncontrollably at your foes.


Message History

Drop what? 46/52 slots (_ for help) (? for menu, Esc to quit)
You drop the +2 centaur barding "Vuanodav" {rN+ Regen+ MP-9}.
You eat one of the 70 rations.
That ration really hit the spot!
There is a stone staircase leading up here.
You climb upwards.
There is a stone staircase leading down here.
Unknown command.
Really walk into that teleport trap?
You enter a teleport trap!
The teleport trap disappears.
Your surroundings suddenly seem different.
Things that are here:
a cursed ring of attention; a +0 club Magic restored.
There is a dry fountain here.
You enter the shallow water.
Moving in this stuff is going to be slow.
HP restored.
There is a staircase leading out of the dungeon here.
You can't go down here!
You have escaped!

###############
#≈≈≈≈≈≈≈≈≈≈≈≈≈#
#≈≈≈≈≈≈≈≈≈≈≈≈≈#
#≈≈≈≈≈≈≈≈≈≈≈≈≈#
#≈≈≈≈≈≈≈≈≈≈≈≈≈#
#≈≈≈≈≈...≈≈≈≈≈#
#≈≈≈≈..@..≈≈≈≈# ####
#≈≈≈≈≈...≈≈≈≈≈# #..>
#≈≈≈≈≈≈≈≈≈≈≈≈≈#######.##
#≈≈≈≈≈≈≈≈≈≈≈≈≈#.......##
#≈≈≈≈≈≈≈≈≈≈≈≈≈#.........
#≈≈≈≈≈≈≈≈≈≈≈≈≈#.########
#≈≈≈≈≈≈≈≈≈≈≈≈≈#.# #
#≈≈≈≈≈≈≈≈≈≈≈≈≈#.# #
#≈≈≈≈≈≈≈≈≈≈≈≈≈#.# #


There were no monsters in sight!

Vanquished Creatures
  3 pandemonium lords
  8 ancient liches
  7 orbs of fire
  Sojobo (Vaults:3)
  3 Killer Klowns (Zot:5)
  Vashnia (Snake:4)
  A curse toe (Zot:4)
  The ghost of arkorax the Brawler, a veteran DrMo of Cheibriados (Vaults:3)
  Xtahua (Vaults:3)
  9 golden dragons
  The ghost of Qochefe Ihae the Shatterer, a veteran GrMo of Trog (Depths:3)
  A Tzitzimitl (D:10)
  3 electric golems
  2 Brimstone Fiends
  2 Hell Sentinels
  Jorgrun (Orc:2)
  An Ice Fiend (D:2)
  29 Orb Guardians
  15 tentacled monstrosities
  A deep elf blademaster (Elf:3)
  2 titans
  2 liches
  3 deep elf master archers (Elf:3)
  4 quicksilver dragons
  A kraken (Shoals:2)
  Polyphemus (Shoals:3)
  5 death cobs
  Agnes (Elf:2)
  5 sphinxes
  9 nagarajas (Snake:4)
  Kirke (Snake:4)
  A tentacled starspawn (Abyss:2)
  Roxanne (D:14)
  5 shadow dragons
  11 storm dragons
  8 draconian monks
  4 fire giants
  12 tengu reavers
  3 draconian knights
  Aizul (Shoals:4)
  8 frost giants
  16 vault wardens
  8 deep elf sorcerers
  2 ghost moths
  2 iron dragons (Vaults:5)
  An orc warlord (Vaults:4)
  2 balrugs
  7 draconian stormcallers
  The ghost of Idameato the Severer, a journeyman MiFi of Okawaru (Shoals:2)
  10 draconian shifters
  8 draconian scorchers
  6 draconian annihilators
  8 deep elf elementalists
  2 spectral juggernauts (Depths:3)
  19 very ugly things
  A vampire knight (Depths:4)
  Louise (Depths:4)
  3 spriggan defenders
  The ghost of Protee the Thaumaturge, a journeyman GnSk of Cheibriados (Lair:6)
  18 ironheart preservers
  19 stone giants
  A war gargoyle (Vaults:5)
  A spectral titan (Depths:3)
  Azrael (Snake:2)
  7 deep elf demonologists
  11 black draconians
  6 deep elf annihilators
  11 green draconians
  13 yellow draconians
  13 purple draconians
  5 spark wasps
  5 dire elephants (Depths:4)
  18 white draconians
  13 red draconians
  6 merfolk javelineers
  11 ettins
  12 merfolk impalers
  2 green deaths
  3 blizzard demons
  5 fire dragons
  6 deep elf death magi
  Josephine (D:14)
  4 deep elf high priests
  12 ogre magi
  36 vault guards
  2 jiangshi (Depths:1)
  6 rakshasas
  Harold (D:7)
  18 yaktaur captains
  A monstrous demonspawn (D:5)
  7 ice dragons
  3 spriggan air magi (Depths:5)
  10 hydras
  6 naga warriors
  2 hell beasts
  6 great orbs of eyes
  2 catoblepae
  6 centaur warriors
  8 anacondas
  46 two-headed ogres
  8 merfolk avatars
  35 dancing weapons
  Erica (D:8)
  3 merfolk aquamancers
  A two-headed ogre (shapeshifter) (Vaults:2)
  7 death knights
  A satyr (Shoals:4)
  3 spectral stone giants (Depths:3)
  4 deep troll earth magi
  2 titan zombies (Depths:3)
  11 death yaks
  7 spriggan berserkers
  10 deep troll shamans
  2 orc high priests (Vaults:4)
  A vampire mage (Depths:1)
  7 tengu warriors
  3 soul eaters (Depths:3)
  4 thrashing horrors
  8 shock serpents
  Sonja (Lair:2)
  5 sun demons
  27 deep elf knights
  18 naga sharpshooters
  2 fire crabs (shapeshifter)
  5 wretched stars
  9 iron trolls
  3 salamander mystics
  A spatial maelstrom (Abyss:2)
  2 shadow wraiths (Abyss:2)
  4 sixfirhies
  24 sea snakes
  8 hell knights
  4 unseen horrors
  2 glowing orange brains
  5 skeletal warriors
  35 deep trolls
  13 ironbrand convokers
  5 flayed ghosts
  6 phantasmal warriors (Vaults:5)
  72 deep elf magi
  10 wizards
  3 naga ritualists
  20 harpies
  10 deep elf archers
  3 lindwurms
  17 orc knights
  An obsidian statue (Depths:3)
  5 necromancers
  31 ugly things
  A swamp dragon (shapeshifter) (Depths:2)
  A wolf spider (shapeshifter) (Vaults:2)
  8 mana vipers
  An orange crystal statue (Depths:1)
  An orb spider (shapeshifter) (Vaults:2)
  A sphinx zombie (Vaults:5)
  5 orc sorcerers
  14 cyclopes
  A spectral merfolk (Shoals:2)
  3 fauns (Shoals:1)
  12 salamanders
  3 wolf spiders
  2 worldbinders (Abyss:2)
  9 elephants
  15 manticores
  A moth of wrath (shapeshifter) (Vaults:5)
  An iron dragon skeleton (Vaults:5)
  19 moths of wrath
  13 merfolk sirens
  A fire giant skeleton (Vaults:5)
  6 guardian serpents
  3 centaur zombies
  5 water nymphs
  A titan simulacrum (Depths:3)
  Psyche (D:10)
  Maurice (Orc:2)
  2 rust devils
  2 orange demons
  18 vault sentinels
  15 naga magi
  4 smoke demons
  37 black mambas
  An ice statue (IceCv)
  9 spiny frogs
  2 hellions
  4 ice devils
  7 torpor snails (Lair:6)
  2 spectral sea snakes (Shoals:2)
  3 rime drakes
  18 freezing wraiths
  4 efreet
  6 komodo dragons
  2 yaktaurs (shapeshifter)
  58 yaktaurs
  A kobold demonologist (D:11)
  A hellwing (Depths:2)
  A demonic crawler (D:5)
  An anaconda simulacrum (Abyss:3)
  35 merfolk
  7 red devils
  4 ancient zymes
  A merfolk (shapeshifter) (D:15)
  A jumping spider (shapeshifter) (Abyss:2)
  A tengu conjurer (Depths:5)
  12 trolls
  A polar bear (Lair:5)
  22 blink frogs
  A queen bee (shapeshifter) (Abyss:2)
  A wind drake (shapeshifter) (D:15)
  2 hornets (shapeshifter)
  4 tyrant leeches (Lair:6)
  Grinder (D:5)
  18 slime creatures
  A blink frog (shapeshifter) (Elf:2)
  5 wind drakes
  18 hornets
  11 snapping turtles
  17 raiju
  A slime creature (shapeshifter) (Vaults:3)
  2 dream sheep (Shoals:1)
  14 hippogriffs
  A hippogriff (shapeshifter) (Vaults:3)
  10 large abominations
  An ettin zombie (Vaults:5)
  8 spriggans
  9 small abominations
  2 shadows
  3 air elementals (Elf:2)
  13 starcursed masses
  3 ynoxinuls
  39 yaks
  6 wraiths
  4 wyverns
  A tarantella (shapeshifter) (Depths:2)
  14 water elementals
  7 fire elementals
  20 humans
  2 chaos spawn
  A hog (shapeshifter) (Vaults:4)
  9 hogs
  2 hungry ghosts
  2 basilisks (shapeshifter)
  2 basilisks
  2 death yak simulacra (IceCv)
  7 neqoxecs
  3 wargs
  4 vampire mosquitoes (D:15)
  A spatial vortex (Abyss:2)
  47 nagas
  A swamp worm (shapeshifter) (Elf:1)
  2 acid dragons
  Edmund (D:5)
  10 insubstantial wisps
  A soldier ant (shapeshifter) (Elf:2)
  A soldier ant (D:11)
  A harpy simulacrum (Shoals:2)
  20 water moccasins
  3 hell hounds (Snake:2)
  A spectral snapping turtle (Shoals:2)
  2 water moccasins (shapeshifter) (Vaults:5)
  8 porcupines
  2 floating eyes
  An ice beast (shapeshifter) (D:15)
  A phantom (D:9)
  An ice dragon simulacrum (Abyss:3)
  2 black bears (D:10)
  11 ice beasts
  3 sky beasts
  A black bear (shapeshifter) (Vaults:4)
  2 eyes of draining
  32 orc warriors
  10 wolves
  7 boggarts
  37 ogres
  8 crocodiles
  A wind drake simulacrum (Shoals:3)
  11 centaurs
  2 big kobolds
  19 bullfrogs
  An elf zombie (D:15)
  4 earth elementals
  A gnoll sergeant (D:6)
  4 scorpions
  A human simulacrum (Vaults:2)
  A water moccasin skeleton (D:7)
  An elephant simulacrum (IceCv)
  A swamp dragon simulacrum (IceCv)
  6 wights
  11 killer bees
  3 howler monkeys (D:13)
  2 electric eels
  11 crimson imps
  4 bullfrog zombies
  A lava snake (Snake:3)
  4 human zombies (D:15)
  4 draconian simulacra (IceCv)
  6 centaur skeletons
  5 bullfrog skeletons
  3 jellies
  6 hounds
  3 quasits
  22 orc priests
  15 orc wizards
  4 iron imps
  Jessica (D:2)
  3 iguanas
  11 worker ants
  A hell rat (D:11)
  2 spriggan simulacra (IceCv)
  4 troll simulacra (IceCv)
  3 centaur simulacra (IceCv)
  A hound skeleton (D:8)
  4 mummies (D:15)
  A worker ant zombie (D:7)
  Robin (D:3)
  7 gnolls
  A howler monkey skeleton (D:11)
  21 adders
  2 naga simulacra (IceCv)
  5 ogre simulacra (IceCv)
  6 shadow imps
  28 white imps
  3 adder skeletons
  A worm (D:3)
  2 dart slugs (D:1)
  6 leopard geckos
  81 orcs
  8 bats
  8 giant cockroaches
  18 goblins
  14 hobgoblins
  12 jackals
  14 kobolds
  3 quokkas
  3 ball pythons
  7 frilled lizards
  2 orc zombies (D:15)
  A quokka zombie (D:5)
  10 rats
  A lurking horror (Abyss:4)
  A plant (Shoals:2)
  2 tentacles (Shoals:2)
2465 creatures vanquished.

Vanquished Creatures (others)
  Ilsuiw (Shoals:3)
  A draconian scorcher (Zot:4)
  A human (Snake:4)
  A naga (Snake:4)
  A shadow imp (Depths:3)
  An orc (Orc:2)
  18 fungi
  24 plants
  7 tentacles (Shoals:2)
55 creatures vanquished.

Grand Total: 2520 creatures vanquished

Notes
Turn   | Place    | Note
-------+----------+-------------------------------------------
     0 | D:1      | kal9871 the Centaur Hunter began the quest for the Orb.
     0 | D:1      | Reached XP level 1. HP: 17/17 MP: 1/1
   143 | D:1      | Reached XP level 2. HP: 24/24 MP: 2/2
   322 | D:1      | Reached skill level 6 in Bows
   952 | D:1      | Reached XP level 3. HP: 29/29 MP: 3/3
  1475 | D:2      | Noticed a scorpion
  1505 | D:2      | Reached XP level 4. HP: 27/37 MP: 4/4
  1892 | D:2      | Reached skill level 1 in Armour
  2190 | D:2      | Found an ancient bone altar of Kikubaaqudgha.
  2191 | D:2      | Found a hazy altar of Hepliaklqana.
  2192 | D:2      | Found an opulent altar of Gozag.
  2511 | D:2      | Reached skill level 7 in Bows
  2601 | D:2      | Noticed Jessica
  2603 | D:2      | Killed Jessica
  2603 | D:2      | Reached XP level 5. HP: 45/45 MP: 5/5
  3242 | D:2      | Gained mutation: Your muscles are strong. (Str +2) [potion
                  | of mutation]
  3242 | D:2      | Gained mutation: You possess an exceptional clarity of
                  | mind. [potion of mutation]
  3363 | D:3      | Noticed Robin
  3369 | D:3      | Killed Robin
  3369 | D:3      | Reached skill level 8 in Bows
  3586 | D:3      | Reached XP level 6. HP: 51/51 MP: 6/6
  3968 | D:3      | Noticed a -1 hand axe
  3968 | D:3      | Noticed a +0 dagger
  4001 | D:3      | Found a hide-covered altar of Uskayaw.
  4716 | D:4      | Reached skill level 1 in Throwing
  4820 | D:4      | Found an ornate altar of the Wu Jian Council.
  5007 | D:4      | Found Ycol's Book Shoppe.
  5835 | D:4      | Reached XP level 7. HP: 24/58 MP: 7/7
  6296 | D:5      | Entered Level 5 of the Dungeon
  6396 | D:5      | Noticed Edmund
  6435 | D:5      | Killed Edmund
  6435 | D:5      | Reached skill level 9 in Bows
  7190 | D:5      | Noticed Grinder
  7222 | D:5      | Paralysed by Grinder for 3 turns
  7229 | D:5      | Killed Grinder
  7229 | D:5      | Reached skill level 10 in Bows
  7229 | D:5      | Reached XP level 8. HP: 54/67 MP: 8/8
  7686 | D:6      | Found a sparkling altar of Nemelex Xobeh.
  7686 | D:6      | Found a shattered altar of Ashenzari.
  7792 | D:6      | Reached skill level 5 in Fighting
  7954 | D:6      | Found a staircase to the Ecumenical Temple.
  7964 | Temple   | Entered the Ecumenical Temple
  7996 | Temple   | Became a worshipper of Warmaster Okawaru
  8048 | D:6      | Reached skill level 11 in Bows
  8862 | D:6      | Reached * piety under Okawaru
  8862 | D:6      | Reached skill level 12 in Bows
  9017 | D:6      | Reached XP level 9. HP: 68/75 MP: 9/9
  9616 | D:6      | Reached skill level 1 in Invocations
 10469 | D:7      | Found a basalt altar of Yredelemnul.
 10470 | D:7      | Found a bloodstained altar of Trog.
 10473 | D:7      | Found a white marble altar of Elyvilon.
 10610 | D:7      | Found Hitse's Antique Armour Emporium.
 10613 | D:7      | Bought an encrusted scale mail for 234 gold pieces
 10623 | D:7      | Identified the +5 scale mail "Ebboph" {Str+4 Slay+2} (You
                  | bought it in a shop on level 7 of the Dungeon)
 10950 | D:7      | Reached ** piety under Okawaru
 11055 | D:8      | Noticed Harold
 11110 | D:7      | Killed Harold
 11110 | D:7      | Reached skill level 13 in Bows
 11110 | D:7      | Reached skill level 1 in Evocations
 11497 | D:8      | Noticed Erica
 11524 | D:8      | Killed Erica
 11524 | D:8      | Reached *** piety under Okawaru
 11524 | D:8      | Reached XP level 10. HP: 86/86 MP: 11/13
 11561 | D:8      | Received a gift from Okawaru
 11669 | D:8      | Found a shadowy altar of Dithmenos.
 12232 | D:9      | Received a gift from Okawaru
 12232 | D:9      | Reached **** piety under Okawaru
 12744 | D:10     | Entered Level 10 of the Dungeon
 13057 | D:10     | Found a roughly hewn altar of Beogh.
 13057 | D:10     | Found a staircase to the Orcish Mines.
 13575 | D:10     | Noticed Psyche
 13751 | D:10     | Killed Psyche
 13751 | D:10     | Reached skill level 14 in Bows
 13751 | D:10     | Reached skill level 5 in Invocations
 14352 | D:11     | Found a blossoming altar of Fedhas.
 14352 | D:11     | Noticed a cyclops
 14846 | D:11     | Noticed a cyclops
 14875 | D:11     | Killed a cyclops
 14875 | D:11     | Received a gift from Okawaru
 15074 | D:11     | Reached XP level 11. HP: 94/94 MP: 14/14
 15106 | D:11     | Reached skill level 5 in Armour
 15108 | D:11     | Noticed a six-headed hydra
 15142 | D:11     | Killed a six-headed hydra
 15142 | D:11     | Received a gift from Okawaru
 15191 | D:11     | Reached ***** piety under Okawaru
 15538 | D:11     | Received a gift from Okawaru
 15757 | D:11     | Noticed a green ugly thing
 15757 | D:11     | Noticed a white ugly thing
 15827 | D:11     | Killed a white ugly thing
 15874 | D:11     | Killed a white ugly thing
 16407 | D:11     | Noticed a death yak
 16443 | D:11     | Killed a death yak
 16443 | D:11     | Reached skill level 15 in Bows
 16473 | D:11     | Found a staircase to the Lair.
 16474 | D:11     | Noticed a death yak
 16474 | D:11     | Noticed a death yak
 16539 | D:11     | Killed a death yak
 16609 | D:11     | Killed a death yak
 17330 | D:11     | Noticed a two-headed ogre
 17386 | D:11     | Killed a two-headed ogre
 17386 | D:11     | Reached skill level 5 in Evocations
 17386 | D:11     | Reached XP level 12. HP: 104/104 MP: 16/16
 17507 | D:11     | Noticed a five-headed hydra
 17566 | D:11     | Killed a five-headed hydra
 17566 | D:11     | Received a gift from Okawaru
 17566 | D:11     | Reached skill level 5 in Dodging
 17986 | Lair:1   | Entered Level 1 of the Lair of Beasts
 18249 | Lair:1   | Got a bronze chain mail
 18262 | Lair:1   | Identified the +2 chain mail of Infinity {Str+5} (You found
                  | it on level 1 of the Lair of Beasts)
 19297 | Lair:2   | Noticed Sonja
 19312 | Lair:2   | Killed Sonja
 19488 | Lair:2   | Received a gift from Okawaru
 19607 | Lair:2   | Noticed a four-headed hydra
 19618 | Lair:2   | Killed a four-headed hydra
 20011 | Lair:3   | Reached ****** piety under Okawaru
 20269 | Lair:3   | Reached skill level 10 in Fighting
 20635 | Lair:3   | Found a staircase to the Snake Pit.
 21555 | Lair:4   | Reached skill level 16 in Bows
 21625 | Lair:4   | Received a gift from Okawaru
 21849 | Lair:4   | Reached XP level 13. HP: 114/114 MP: 18/18
 22411 | Lair:4   | Found a stormy altar of Qazlal.
 22464 | Lair:4   | Received a gift from Okawaru
 22552 | Lair:4   | Found a staircase to the Shoals.
 23614 | Lair:4   | Received a gift from Okawaru
 23787 | Lair:5   | Found a shadowy altar of Dithmenos.
 23889 | Lair:5   | Received a gift from Okawaru
 24122 | Lair:5   | Found a staircase to the Slime Pits.
 24123 | Lair:5   | Found a viscous altar of Jiyva.
 24671 | Lair:6   | Entered Level 6 of the Lair of Beasts
 24834 | Lair:6   | Reached skill level 17 in Bows
 25709 | Lair:6   | Found a runed translucent gate.
 25737 | Lair:6   | Found a runed translucent gate.
 25737 | Lair:6   | Found a runed translucent gate.
 25738 | Lair:6   | Noticed Protee's ghost (journeyman GnSk)
 25780 | Lair:6   | Received a gift from Okawaru
 26487 | Lair:6   | Reached XP level 14. HP: 124/124 MP: 20/20
 26524 | Lair:6   | Found a runed translucent door.
 27089 | Lair:6   | HP: 2/125 [Protee's ghost/the air (32)]
 27094 | Lair:6   | Killed Protee's ghost
 27094 | Lair:6   | Reached skill level 18 in Bows
 28995 | Lair:1   | Identified a scroll of acquirement
 29583 | D:12     | Received a gift from Okawaru
 29602 | D:12     | Got a bloodstained scale mail {god gift}
 29619 | D:12     | Identified the +1 scale mail of Mifux {Dex+4} (Okawaru
                  | gifted it to you on level 12 of the Dungeon)
 30115 | Orc:1    | Entered Level 1 of the Orcish Mines
 30149 | Orc:1    | Found a frozen archway.
 30149 | Orc:1    | You fall through a shaft!
 30149 | Orc:2    | Entered Level 2 of the Orcish Mines
 30149 | Orc:2    | Found Coxkaock's Armour Boutique.
 30156 | Orc:2    | Noticed Jorgrun
 30161 | Orc:2    | Found a flickering gateway to a bazaar.
 30167 | Bazaar   | Entered a bazaar
 30167 | Bazaar   | Found Vit Kinn's General Store.
 30167 | Bazaar   | Found Ohuon's Jewellery Shoppe.
 30167 | Bazaar   | Found Uway's Magic Scroll Shop.
 30167 | Bazaar   | Found Goas's General Store.
 30169 | Bazaar   | Found Pachuny's General Store.
 30169 | Bazaar   | Found Qaps's General Store.
 30194 | Bazaar   | Bought the ring "Vorgh" {rPois rC+ MR+ Dex+4 SInv} for 380
                  | gold pieces
 30197 | Bazaar   | Bought the ring "Wejuphuo" {*Drain rF++ MP+9 EV+2 Str+2}
                  | for 468 gold pieces
 30224 | Orc:2    | Found a staircase to the Elven Halls.
 30254 | IceCv    | Entered an ice cave
 30878 | IceCv    | Reached skill level 19 in Bows
 30970 | IceCv    | Found an ancient bone altar of Kikubaaqudgha.
 32253 | Orc:2    | Found Suumuaf's Superlative Supplies.
 32303 | Orc:2    | Noticed Maurice
 32310 | Orc:2    | Killed Maurice
 32477 | Orc:2    | Received a gift from Okawaru
 32478 | Orc:2    | Found the +3 pair of gauntlets of War {Slay+5}
 32647 | Orc:2    | Killed Jorgrun
 32647 | Orc:2    | Reached XP level 15. HP: 134/134 MP: 21/21
 32986 | Orc:2    | Found Enuimuh's Food Shop.
 32987 | Orc:2    | Found Jizin's Magic Scroll Shop.
 32993 | Orc:2    | Found Kayntari's Food Emporium.
 33012 | Orc:2    | Reached skill level 20 in Bows
 33053 | Orc:2    | Bought the cursed +0 helmet of Oblivion {rN+} for 177 gold
                  | pieces
 33078 | Orc:2    | Bought a scroll of identify for 28 gold pieces
 33078 | Orc:2    | Bought a scroll of identify for 28 gold pieces
 33078 | Orc:2    | Bought a scroll of brand weapon for 280 gold pieces
 33078 | Orc:2    | Bought a scroll of blinking for 105 gold pieces
 33078 | Orc:2    | Bought a scroll of teleportation for 42 gold pieces
 33082 | Orc:2    | Bought a scroll of fog for 28 gold pieces
 33082 | Orc:2    | Bought a scroll of teleportation for 42 gold pieces
 33082 | Orc:2    | Bought a scroll of identify for 28 gold pieces
 35135 | D:14     | Found a gate to the Vaults.
 35282 | D:14     | Identified Roxanne's Guide on Changing
 35282 | D:14     | Noticed Roxanne
 35317 | D:14     | Killed Roxanne
 35511 | D:14     | Found Ysaqyij's Gadget Boutique.
 35752 | D:14     | Noticed Josephine
 35781 | D:14     | Received a gift from Okawaru
 35782 | D:14     | Got a slimy longbow {god gift}
 35783 | D:14     | Identified the +7 longbow "Concordance" {venom, rN+ MR+
                  | Str+4 Stlth+} (Okawaru gifted it to you on level 14 of the
                  | Dungeon)
 35787 | D:14     | Killed Josephine
 36199 | D:15     | Entered Level 15 of the Dungeon
 36240 | D:15     | Got a scorched steel amulet
 36248 | D:14     | Identified the amulet "Gocuj" {+Inv MR+ Regen+ Str+4
                  | Slay-6} (You acquired it on level 15 of the Dungeon)
 36489 | D:15     | Reached skill level 21 in Bows
 36624 | D:15     | Received a gift from Okawaru
 36826 | D:15     | Found a basalt altar of Yredelemnul.
 37038 | D:15     | Reached XP level 16. HP: 131/145 MP: 22/22
 37046 | D:15     | Found a staircase to the Depths.
 37686 | Shoals:1 | Entered Level 1 of the Shoals
 37709 | Shoals:1 | Found a transporter.
 37758 | Shoals:1 | Found the +5 scythe "Finisher" {speed, eviscerate}
 37761 | Shoals:1 | Found a transporter.
 38099 | Shoals:1 | Reached skill level 22 in Bows
 38161 | Shoals:1 | Received a gift from Okawaru
 38841 | Shoals:2 | Received a gift from Okawaru
 38939 | Shoals:2 | Received a gift from Okawaru
 38965 | Shoals:2 | Found a runed translucent gate.
 38965 | Shoals:2 | Found a runed translucent gate.
 38965 | Shoals:2 | Found a runed translucent gate.
 38980 | Shoals:2 | Noticed Idameato's ghost (journeyman MiFi)
 39504 | Shoals:2 | Killed Idameato's ghost
 39504 | Shoals:2 | Reached skill level 1 in Polearms
 39545 | Shoals:2 | Received a gift from Okawaru
 39971 | Shoals:2 | Noticed a kraken
 39986 | Shoals:2 | Killed a kraken
 39986 | Shoals:2 | Received a gift from Okawaru
 40184 | Shoals:3 | Learned a level 2 spell: Blink
 40428 | Shoals:3 | Received a gift from Okawaru
 40476 | Shoals:3 | Noticed Ilsuiw
 40502 | Shoals:3 | Killed Ilsuiw
 40613 | Shoals:3 | Noticed Polyphemus
 40616 | Shoals:3 | Reached skill level 1 in Translocations
 40642 | Shoals:3 | Killed Polyphemus
 40642 | Shoals:3 | Reached skill level 1 in Spellcasting
 40642 | Shoals:3 | Reached XP level 17. HP: 60/154 MP: 23/23
 41270 | Shoals:4 | Entered Level 4 of the Shoals
 41336 | Shoals:4 | Reached skill level 23 in Bows
 41415 | Shoals:4 | Noticed Aizul
 41426 | Shoals:4 | Killed Aizul
 42055 | Shoals:4 | Reached skill level 10 in Armour
 42474 | Shoals:4 | Received a gift from Okawaru
 42651 | Shoals:4 | Got a smoking bone ring
 42658 | Shoals:4 | Identified the ring "Erihurph" {Str-3 Int+7 Stlth-} (You
                  | found it on level 4 of the Shoals)
 42961 | Shoals:4 | Received a gift from Okawaru
 42966 | Shoals:4 | Reached skill level 15 in Fighting
 43227 | Shoals:4 | Got a barnacled rune of Zot
 43316 | Shoals:4 | Got a brightly glowing centaur barding {god gift}
 43331 | Shoals:4 | Identified the +0 centaur barding of Temperance {rF+ rN+
                  | rCorr Int-5} (Okawaru gifted it to you on level 4 of the
                  | Shoals)
 43605 | Snake:1  | Entered Level 1 of the Snake Pit
 44840 | Snake:2  | Got a polished helmet
 44852 | Snake:2  | Identified the +1 helmet of Wisdom {MP+9} (You found it on
                  | level 2 of the Snake Pit)
 44953 | Snake:2  | Noticed Azrael
 44971 | Snake:2  | Killed Azrael
 45455 | Snake:2  | Reached XP level 18. HP: 163/163 MP: 24/24
 46193 | Snake:3  | Received a gift from Okawaru
 46337 | Snake:3  | Reached skill level 24 in Bows
 46481 | Snake:3  | Got an encrusted chain mail
 46484 | Snake:3  | Identified the +6 chain mail "Reonagg" {-Tele *Drain rPois
                  | Int+8} (You found it on level 3 of the Snake Pit)
 46627 | Snake:3  | Found Cuurusen's Antique Armour Shop.
 46652 | Snake:3  | Bought an ichor-stained chain mail for 256 gold pieces
 46662 | Snake:3  | Identified the +0 chain mail "Plog" {rCorr Int+3} (You
                  | bought it in a shop on level 3 of the Snake Pit)
 47262 | Snake:3  | Received a gift from Okawaru
 47660 | Snake:4  | Entered Level 4 of the Snake Pit
 47830 | Snake:4  | Noticed Vashnia
 47852 | Snake:4  | Killed Vashnia
 48102 | Snake:4  | Reached skill level 5 in Polearms
 48119 | Snake:4  | Noticed Kirke
 48128 | Snake:4  | Killed Kirke
 48326 | Snake:4  | Received a gift from Okawaru
 48893 | Snake:4  | Reached skill level 5 in Translocations
 49263 | Snake:4  | Got a serpentine rune of Zot
 49720 | Snake:4  | Reached XP level 19. HP: 148/172 MP: 25/25
 49992 | Elf:1    | Entered Level 1 of the Elven Halls
 50370 | Elf:1    | Found Hyohotyurph's Armour Shoppe.
 50431 | Elf:1    | Bought the +8 chain mail "Kudghoc" {rElec rN+++ Str-2 Dex-2
                  | Slay+4} for 1142 gold pieces
 50615 | Elf:1    | Found a radiant altar of Vehumet.
 50652 | Elf:1    | Found Jutrog's Assorted Antiques.
 50660 | Elf:1    | Bought a smoking lead ring for 155 gold pieces
 50660 | Elf:1    | Identified the ring "Vuus" {+Fly rF+ rC+ Str+3 Dex+3} (You
                  | bought it in a shop on level 1 of the Elven Halls)
 50663 | Elf:1    | Found Qutsaovi's Armour Shoppe.
 50750 | Elf:1    | Received a gift from Okawaru
 50788 | Elf:1    | Got a smoking scale mail {god gift}
 50812 | Elf:1    | Identified the +1 scale mail of the Enchanted Forest {-Cast
                  | rN+++ Int+4 Stlth-} (Okawaru gifted it to you on level 1 of
                  | the Elven Halls)
 50868 | Elf:1    | Reached skill level 25 in Bows
 50873 | Elf:1    | Cast into level 2 of the Abyss (a deep elf sorcerer)
 50968 | Abyss:2  | HP: 4/172 [starcursed mass/accursed screaming (15)]
 50968 | Abyss:2  | Paralysed by accursed screaming for 1 turns
 50975 | Abyss:2  | HP: 5/172 [starcursed mass/accursed screaming (4)]
 50979 | Abyss:2  | HP: 2/172 [starcursed mass/accursed screaming (5)]
 51421 | Abyss:2  | Reached skill level 10 in Dodging
 51636 | Elf:1    | Escaped the Abyss
 52385 | Elf:2    | Noticed Agnes
 52394 | Elf:2    | Killed Agnes
 52583 | Elf:2    | Found a runed translucent gate.
 52583 | Elf:2    | Found a runed translucent gate.
 52583 | Elf:2    | Found a runed translucent gate.
 52921 | Elf:2    | Received a gift from Okawaru
 53650 | Elf:2    | Reached XP level 20. HP: 182/182 MP: 27/27
 53979 | Elf:3    | Entered Level 3 of the Elven Halls
 54431 | Elf:3    | Reached skill level 26 in Bows
 54634 | Elf:3    | Received a gift from Okawaru
 54994 | Elf:3    | Identified the cursed +0 plate armour "Atiusch" {rF++
                  | Int+4}
 55016 | Elf:3    | Received a gift from Okawaru
 56028 | Depths:1 | Entered Level 1 of the Depths
 56186 | Depths:1 | Found Liokur's Jewellery Shoppe.
 56213 | Depths:1 | Bought an uncursed amulet of regeneration for 360 gold
                  | pieces
 57203 | Depths:1 | Found Codel's Changing Room.
 57234 | Depths:1 | Reached XP level 21. HP: 173/192 MP: 28/28
 57365 | Depths:1 | Received a gift from Okawaru
 57420 | Depths:1 | Found a gateway to Hell.
 57925 | Vaults:1 | Entered Level 1 of the Vaults
 57985 | Vaults:1 | Received a gift from Okawaru
 58321 | Vaults:1 | Reached skill level 27 in Bows
 59172 | Vaults:1 | Received a gift from Okawaru
 60681 | Vaults:2 | Found a staircase to the Crypt.
 60681 | Vaults:2 | Found a basalt altar of Yredelemnul.
 60712 | Vaults:2 | Found an ancient bone altar of Kikubaaqudgha.
 61361 | Vaults:2 | Reached skill level 10 in Polearms
 61371 | Vaults:2 | Reached XP level 22. HP: 125/202 MP: 29/29
 61707 | Vaults:3 | Noticed Xtahua
 61712 | Vaults:3 | Killed Xtahua
 61930 | Vaults:3 | Received a gift from Okawaru
 62694 | Vaults:3 | Noticed Sojobo
 62794 | Vaults:3 | Killed Sojobo
 63162 | Vaults:3 | Found a runed translucent door.
 63162 | Vaults:3 | Noticed arkorax's ghost (veteran DrMo)
 63630 | Vaults:3 | Killed arkorax's ghost
 64052 | Vaults:4 | Received a gift from Okawaru
 64641 | Vaults:4 | Found a roughly hewn altar of Beogh.
 64918 | Vaults:5 | Entered Level 5 of the Vaults
 64934 | Vaults:5 | Noticed a golden dragon
 64950 | Vaults:5 | Reached XP level 23. HP: 183/211 MP: 23/30
 65017 | Vaults:5 | Received a gift from Okawaru
 65505 | Vaults:5 | Identified the Catalogue of Earthen Black Rites
 65639 | Vaults:5 | Got a silver rune of Zot
 66174 | Vaults:5 | Noticed an ancient lich
 66181 | Vaults:5 | Killed an ancient lich
 66181 | Vaults:5 | Received a gift from Okawaru
 66418 | Vaults:5 | Gained mutation: Your body sometimes deteriorates upon
                  | taking damage. [a cacodemon]
 66926 | Vaults:5 | Got an ancient plate armour
 66928 | Vaults:5 | Identified the +10 plate armour "Tiffuth" {*Slow rElec
                  | rN+++} (You found it on level 5 of the Vaults)
 67677 | Depths:2 | Found a portal to a secret trove of treasure.
 67782 | Depths:2 | Got a pair of distressingly furry gloves
 67793 | Depths:2 | Identified the -1 pair of gloves of the Last Coins {Str+8}
                  | (You found it on level 2 of the Depths)
 68382 | Depths:2 | Reached XP level 24. HP: 225/225 MP: 30/30
 68417 | Depths:2 | Found a one-way gate leading to the halls of Pandemonium.
 69453 | Depths:3 | Found a runed translucent door.
 69454 | Depths:3 | Noticed Qochefe Ihae's ghost (veteran GrMo)
 69708 | Depths:3 | Killed Qochefe Ihae's ghost
 70096 | Depths:3 | Received a gift from Okawaru
 70152 | Depths:3 | Found a shattered altar of Ashenzari.
 71427 | Depths:3 | Got a crude bone ring
 71729 | Depths:4 | Identified the ring "Iletetoid" {+Blink rElec rN+++ MR-
                  | Dex+2} (You found it on level 3 of the Depths)
 71749 | Depths:4 | Found a gateway to a ziggurat.
 72427 | Depths:4 | Found a one-way gate to the infinite horrors of the Abyss.
 72427 | Depths:4 | Noticed Louise
 72431 | Depths:4 | Killed Louise
 72654 | Depths:4 | Found Foydeawk's Antique Armour Emporium.
 72730 | Depths:4 | Received a gift from Okawaru
 73274 | Depths:5 | Entered Level 5 of the Depths
 73274 | Depths:5 | Found Vosatiacs's Food Shop.
 73312 | Depths:5 | Found Cang's Weapon Boutique.
 73312 | Depths:5 | Found Kuss's Distillery.
 73320 | Depths:5 | Found Zezyleorr's Weapon Boutique.
 73341 | Depths:5 | Bought a potion of heal wounds for 75 gold pieces
 73341 | Depths:5 | Bought a potion of heal wounds for 75 gold pieces
 73721 | Depths:5 | Reached XP level 25. HP: 238/238 MP: 30/30
 73832 | Depths:5 | Got a shimmering helmet
 73834 | Depths:5 | Identified the cursed -4 helmet of the Frog {rElec MR+}
                  | (You found it on level 5 of the Depths)
 73852 | Depths:5 | Got a bloodstained hat
 73864 | Depths:5 | Identified the +0 hat of the Beginning {rElec rPois rN++
                  | Int-3} (You acquired it on level 5 of the Depths)
 74065 | Depths:5 | Found a gate to the Realm of Zot.
 74998 | Zot:1    | Entered Level 1 of the Realm of Zot
 75384 | Zot:1    | Received a gift from Okawaru
 75750 | Zot:1    | Received a gift from Okawaru
 75753 | Zot:1    | Got a pitted plate armour {god gift}
 75756 | Zot:1    | Identified the +0 plate armour of the Slightly Bent {MP+9}
                  | (Okawaru gifted it to you on level 1 of the Realm of Zot)
 76621 | Zot:2    | Reached skill level 10 in Translocations
 77438 | Zot:2    | Received a gift from Okawaru
 77438 | Zot:2    | Reached skill level 15 in Polearms
 77454 | Zot:2    | Got a polished centaur barding {god gift}
 77456 | Zot:2    | Identified the -7 centaur barding of the Bouncing Souls
                  | {rN+ Int+4 Dex+4} (Okawaru gifted it to you on level 2 of
                  | the Realm of Zot)
 77633 | Zot:3    | Noticed an orb of fire
 77641 | Zot:3    | Killed an orb of fire
 77641 | Zot:3    | Reached XP level 26. HP: 251/251 MP: 25/30
 78901 | Zot:4    | Received a gift from Okawaru
 79687 | Zot:5    | Entered Level 5 of the Realm of Zot
 79819 | Zot:5    | Reached skill level 15 in Armour
 79970 | Zot:5    | Noticed an orb of fire
 79977 | Zot:5    | Gained mutation: You occasionally shout uncontrollably at
                  | your foes. [an orb of fire]
 79982 | Zot:5    | Killed an orb of fire
 80087 | Zot:5    | Got a smoking glaive
 80089 | Zot:5    | Identified the +3 glaive of Gloom {chop, Int+2} (You found
                  | it on level 5 of the Realm of Zot)
 80113 | Zot:5    | Received a gift from Okawaru
 80120 | Zot:5    | Noticed an orb of fire
 80120 | Zot:5    | Noticed an orb of fire
 80121 | Zot:5    | Noticed an ancient lich
 80131 | Zot:5    | Gained mutation: Scrolls take you a little longer to read.
                  | [an orb of fire]
 80141 | Zot:5    | Killed an orb of fire
 80142 | Zot:5    | Lost mutation: You possess an exceptional clarity of mind.
                  | [an orb of fire]
 80147 | Zot:5    | Killed an orb of fire
 80160 | Zot:5    | Killed an ancient lich
 80160 | Zot:5    | Reached XP level 27. HP: 70/264 MP: 27/30
 80162 | Zot:5    | Noticed an ancient lich
 80177 | Zot:5    | Killed an ancient lich
 80185 | Zot:5    | Received a gift from Okawaru
 80248 | Zot:5    | Noticed an ancient lich
 80265 | Zot:5    | Killed an ancient lich
 80557 | Zot:5    | Cast into level 3 of the Abyss (red draconian)
 80560 | Abyss:3  | Upgraded the game from 0.24-a0-181-gd121a6d to
                  | 0.24-a0-189-g5d897e9
 80627 | Abyss:4  | Found a corrupted altar of Lugonu.
 80663 | Abyss:4  | Found a corrupted altar of Lugonu.
 81065 | Abyss:4  | Gained mutation: Your magical capacity is low. (-10% MP) [a
                  | neqoxec]
 81117 | Zot:5    | Escaped the Abyss
 81143 | Zot:5    | Noticed an ancient lich
 81165 | Zot:5    | Killed an ancient lich
 81165 | Zot:5    | Reached skill level 15 in Dodging
 81222 | Zot:5    | Noticed an ancient lich
 81230 | Zot:5    | Killed an ancient lich
 81404 | Zot:5    | Noticed an orb of fire
 81404 | Zot:5    | Noticed an orb of fire
 81404 | Zot:5    | Noticed an orb of fire
 81414 | Zot:5    | Lost mutation: You occasionally shout uncontrollably at
                  | your foes. [an orb of fire]
 81417 | Zot:5    | Killed an orb of fire
 81417 | Zot:5    | Received a gift from Okawaru
 81428 | Zot:5    | Gained mutation: Your magical capacity is very low. (-20%
                  | MP) [an orb of fire]
 81429 | Zot:5    | Killed an orb of fire
 81440 | Zot:5    | Lost mutation: Your muscles are strong. (Str +2) [an orb of
                  | fire]
 81442 | Zot:5    | Killed an orb of fire
 81558 | Zot:5    | Noticed an ancient lich
 81561 | Zot:5    | Noticed an ancient lich
 81564 | Zot:5    | Killed an ancient lich
 81581 | Zot:5    | Killed an ancient lich
 81641 | Zot:5    | Received a gift from Okawaru
 81698 | Zot:5    | Received a gift from Okawaru
 82187 | Zot:5    | Got the Orb of Zot
 82328 | Zot:4    | Noticed Saonwen the pandemonium lord
 82359 | Zot:4    | Killed Saonwen the pandemonium lord
 82363 | Zot:4    | Lost mutation: Your magical capacity is very low. (-20% MP)
                  | [potion of mutation]
 82363 | Zot:4    | Lost mutation: Your magical capacity is low. (-10% MP)
                  | [potion of mutation]
 82363 | Zot:4    | Lost mutation: Scrolls take you a little longer to read.
                  | [potion of mutation]
 82363 | Zot:4    | Gained mutation: You passively map a small area around you.
                  | [potion of mutation]
 82363 | Zot:4    | Gained mutation: You occasionally shout uncontrollably at
                  | your foes. [potion of mutation]
 82363 | Zot:4    | Gained mutation: You are resistant to hostile enchantments.
                  | (MR+) [potion of mutation]
 82363 | Zot:4    | Gained mutation: You have a somewhat thin skeletal
                  | structure. (Dex +2, Stealth) [potion of mutation]
 82705 | D:12     | Noticed Voinnefu the pandemonium lord
 82740 | D:12     | Killed Voinnefu the pandemonium lord
 82974 | D:2      | Noticed Ykusah the pandemonium lord
 82991 | D:2      | Killed Ykusah the pandemonium lord
 82991 | D:2      | Received a gift from Okawaru
 82994 | D:2      | Got a fine centaur barding {god gift}
 83014 | D:2      | Identified the +2 centaur barding "Vuanodav" {rN+ Regen+
                  | MP-9} (Okawaru gifted it to you on level 2 of the Dungeon)
 83132 | D:$      | Escaped with the Orb!

Levels and vault maps discovered:
D:1:      zaba_arrival_water, layout_loops_ring
D:2:      minmay_evil_eye, layout_basic,
          chequers_temple_overflow_statue_of_worship, first_ration, uniq_jessica
D:3:      layout_loops_ring, dancing_weapons_uskayaw, kennysheep_generic_room_4,
          uniq_robin
D:4:      layout_rooms, kennysheep_little_box, serial_shops, shop,
          minmay_splitting_lines
D:5:      layout_basic, kennysheep_flooded_box, minmay_misc_feat_x, uniq_edmund,
          uniq_grinder
D:6:      layout_loops_corners, amethyst_overflow_temple_binary,
          minmay_temple_entry_mini_moons
D:7:      layout_basic, minitemple, serial_shops, shop_statue, grunt_livestock
D:8:      layout_basic, nicolae_dithmenos_the_darkroom, uniq_erica, uniq_harold
D:9:      layout_basic
D:10:     layout_stronghold, david_orc_5, uniq_psyche
D:11:     minmay_opposing_rooms, layout_long_grid, dpeg_lair_monsters,
          hex_medium, fedhas_altar_3
D:12:     layout_basic, minivault_1, corexii_hall_statues_l
D:13:     layout_grid_maze
D:14:     layout_stronghold, grunt_vaults_entry_tiered, serial_shops,
          nicolae_shop_stone, chequers_avenue, minmay_misc_feat_alley,
          nrook_pool_corridor, uniq_roxanne, uniq_josephine
D:15:     gammafunk_enter_depths_forms, layout_loops_ring,
          lemuel_mausoleum_altar_yredelemnul
Temple:   minmay_temple_bridge_abc
Lair:1:   layout_gridlike, grunt_forest_large_clearing_hut,
          infiniplex_staircase_pool, lemuel_fruit_fields, grunt_megastairs_2
Lair:2:   layout_hall_layers, grunt_megastairs_3, serial_bayou_shore_b,
          uniq_sonja
Lair:3:   layout_cave_pods, minmay_snake_entry_six_corridors
Lair:4:   layout_cave_shapes, minmay_shoals_entry_hut, basic_altar
Lair:5:   layout_hall_layers, slime_altar_1, basic_altar, grunt_megastairs_1
Lair:6:   hangedman_lair_in_review, layout_regular_city, wormcave,
          gammafunk_ghost_hydra_chop
Shoals:1: gammafunk_the_bubble [the_bubble_gammafunk_grid], layout_shoals
Shoals:2: layout_shoals, gammafunk_ghost_necromancy, st_sunken_temple
Shoals:3: layout_shoals, uniq_polyphemus, uniq_ilsuiw
Shoals:4: shoals_end_simple, layout_shoals, shoals_ilsuiw_ice, uniq_aizul
Snake:1:  layout_grid_maze
Snake:2:  layout_misc_corridors, uniq_azrael
Snake:3:  layout_basic, serial_shops, shop
Snake:4:  grunt_snake_rune_pools, layout_cave_town, uniq_kirke, uniq_vashnia
Orc:1:    layout_caves, portal_ice_cave_entry_imps
Orc:2:    st_orc_open, layout_diamond_mine, serial_shops, bzr_entry_road,
          nicolae_alphabet_shops, uniq_maurice, uniq_jorgrun
Elf:1:    eino_elf_arrival_customs, layout_loops_ring, basic_altar,
          serial_shops, shop, hangedman_elven_crosses_minicolossus,
          minmay_shop_star
Elf:2:    layout_geoelf_octagon, hangedman_elf_represent, uniq_agnes
Elf:3:    minmay_elf_hall_statues, layout_loops_corners
Vaults:1: nicolae_vaults_ring_of_whatevers, ontoclasm_vaults_misaligned,
          vaults_room_stairs_pillars, vaults_standard_mumra_enter_the_diamond,
          nicolae_vaults_network_periphery, nicolae_vaults_triangles,
          vaults_mumra_chevron, grunt_vaults_hallway_short,
          vaults_room_semicircle, layout_vaults_chaotic_city
Vaults:2: nicolae_vaults_halls_meeting, v_rooms_2, v_misc_22, v_rooms_5,
          nicolae_vaults_three_branches, minmay_crypt_entry_necro_gods,
          dpeg_vaults_monster_box, v_misc_33, v_alt_pattern_5,
          hangedman_vaults_impose, vaults_dpeg_doors, vaults_dpeg_hooks,
          nicolae_vaults_little_squares_6, layout_vaults_maze_bifur
Vaults:3: gammafunk_vaults_ghost_grave, v_alt_pattern_4,
          hangedman_vaults_stretched_pinwheel, vaults_room_large_hall,
          v_misc_16, ontoclasm_vaults_misaligned, vaults_room_fancy_cross,
          nicolae_vaults_display_case, v_misc_5, nicolae_vaults_big_ls,
          vaults_dpeg_diagonal, v_misc_13, ontoclasm_vaults_twist,
          ontoclasm_vaults_decontamination, layout_vaults_omnicross,
          uniq_xtahua, uniq_sojobo
Vaults:4: special_room_vaults [special_room_orc], ontoclasm_vaults_ring_square,
          grunt_vaults_hallway_short, nicolae_vaults_stairing_the_circle,
          hangedman_vaults_capsules, nicolae_vaults_hallways_thing, v_pattern_1,
          vaults_room_grid, nicolae_vaults_little_squares_5,
          nicolae_vaults_little_squares_6, nicolae_vaults_mini_display_case,
          layout_vaults_omnibox
Vaults:5
Depths:1: layout_roguey, hellmouth_1, serial_shops, shop,
          nicolae_transmutations_shop, hangedman_abyss_or_decor_clamps,
          minivault_16, kennysheep_dice
Depths:2: minmay_textured_paths, layout_basic, hell_entry, minmay_hedge_maze,
          rand_demon_pan_entry_8, enter_trove_1, kennysheep_donut,
          roderic_lattice_a, serial_sigils_hangedman_gnaw, drop_trap
Depths:3: minmay_glassy_protrusions, layout_gridlike, evilmike_ruin_ashenzari,
          serial_rivers, chequers_serial_rivers_micro_a,
          chequers_serial_rivers_room_a, chequers_serial_rivers_room_b,
          chequers_serial_rivers_small_b, chequers_serial_rivers_room_a,
          chequers_serial_rivers_small_3, grunt_hell_entry_demonic_statue,
          muffindrake_ghost_dead_mans_drink, pan_entry, infiniplex_staircase_x
Depths:4: kennysheep_ogre_elephant_herders, layout_gridlike, enter_ziggurat_a,
          serial_shops, shop, nicolae_abyss_entry_one_way_or_another,
          minmay_staircase_windowed_large, rand_demon_pan_entry_1, hell_entry,
          lightli_minifort
Depths:5: grunt_zot_entry_bicorn, layout_basic, hangedman_abyss_or_decor_slice,
          hell_entry, minmay_shoptagon
Zot:1:    layout_cathedral_of_symmetry, drop_trap
Zot:2:    layout_onion_interference
Zot:3:    lemuel_draconian_sentries_small, layout_gridlike
Zot:4:    kennysheep_spiral_hall, layout_onion_interference
Zot:5:    layout_gridlike
Abyss:2:  onia_ninara_dug_in_and_dangerous
Abyss:3:  hangedman_elemental_corridor
Abyss:4:  evilmike_abyss_rune_tso_outpost, evilmike_abyss_exit_chaos
Bazaar:   bazaar_minmay_generic_island
IceCv:    ice_cave_small_necro

Skill      XL: |  1  2  3  4  5  6  7  8  9 10 11 12 13 14 15 16 17 18 19 20 21 22 23 24 25 26 27 |
---------------+----------------------------------------------------------------------------------+-----
Bows           | 6 7 8 10 12 13 14 15 16 17 19 21 22 23 24 25 26 27 | 27.0
Fighting       | 3 4 5 7 9 10 11 12 13 14 15 16 17 18 20 22 23 24 26 | 26.5
Armour         | 1 2 3 4 6 7 8 9 10 11 12 13 14 15 | 15.9
Throwing       | 1 |  1.2
Dodging        | 2 3 4 5 6 7 8 9 10 11 12 13 14 15 | 15.5
Invocations    | 4 5 6 7 8 |  8.3
Evocations     | 2 3 5 6 |  6.4
Polearms       | 2 4 5 7 8 10 12 13 14 15 17 | 17.0
Translocations | 1 3 5 6 7 8 9 10 11 | 11.7
Spellcasting   | 1 2 4 |  4.7
Short Blades   | |  0.3
Stealth        | |  0.4

Action                   |  1- 3 |  4- 6 |  7- 9 | 10-12 | 13-15 | 16-18 | 19-21 | 22-24 | 25-27 || total
-------------------------+-------+-------+-------+-------+-------+-------+-------+-------+-------++-------
Melee: Short sword       |     7 |    62 |    95 |     2 |       |       |       |       |       ||   166
       Kick              |     2 |    12 |    67 |    38 |       |       |    10 |    41 |     1 ||   171
       Falchion          |       |       |    49 |       |       |       |       |       |       ||    49
       Flail             |       |       |    42 |    86 |       |       |       |       |       ||   128
       Scythe            |       |       |       |       |       |       |    23 |    88 |       ||   111
       Bardiche          |       |       |       |       |       |       |       |     8 |       ||     8
       Longbow           |       |       |       |       |       |       |       |       |     1 ||     1
 Fire: Shortbow          |    74 |   205 |   211 |   884 |  1685 |       |       |       |       ||  3059
       Longbow           |       |       |       |       |   168 |  1312 |  1525 |  1659 |  1509 ||  6173
Throw: Stone             |       |     1 |     2 |       |       |       |       |       |       ||     3
 Cast: Blink             |       |       |       |       |       |     3 |     5 |    14 |    12 ||    34
Invok: Heroism           |       |       |       |       |     1 |     3 |     1 |     2 |     1 ||     8
       Finesse           |       |       |       |       |       |     1 |     1 |     3 |     6 ||    11
Evoke: Wand              |       |       |     7 |     1 |     3 |       |       |     2 |     4 ||    17
  Use: Potion            |       |     7 |     5 |     1 |     2 |       |     1 |     1 |     4 ||    21
       Scroll            |       |     5 |     1 |    10 |    20 |    14 |     8 |    10 |    10 ||    78
 Stab: Paralysed         |       |       |     9 |     2 |       |       |       |       |       ||    11
       Invisible         |       |       |     1 |       |       |       |       |       |       ||     1
  Eat: Chunk             |     1 |     7 |     7 |    11 |    14 |    12 |    21 |    23 |     7 ||   103
       Ration            |       |     1 |     3 |     4 |     6 |     6 |     2 |     2 |     5 ||    29
Armor: Leather armour    |     9 |    50 |    51 |       |       |       |       |       |       ||   110
       Scale mail        |       |       |    13 |   154 |   264 |   229 |     6 |       |       ||   666
       Chain mail        |       |       |       |       |       |       |   231 |   327 |   322 ||   880
Dodge: Dodged            |     8 |    77 |   152 |   122 |   224 |   355 |   136 |   265 |   226 ||  1565
       Rpst.: Falchion   |       |       |     8 |       |       |       |       |       |       ||     8

Table legend:
 A = Non-vault XP
 B = Vault XP
 C = Vault XP percentage of total XP
 D = Non-vault monster count
 E = Vault monster count
 F = Vault count percentage of total count
                 A         B        C        D         E       F
            +---------+---------+-------+---------+---------+-------
      Total |  927983 |  766433 |  45.2 |    1545 |     885 |  36.4
            +---------+---------+-------+---------+---------+-------
        D:1 |      46 |       0 |   0.0 |      23 |       0 |   0.0
        D:2 |     222 |      55 |  19.9 |      35 |       6 |  14.6
        D:3 |      72 |      28 |  28.0 |      23 |       8 |  25.8
        D:4 |     311 |       0 |   0.0 |      17 |       0 |   0.0
        D:5 |     534 |     426 |  44.4 |      13 |       2 |  13.3
        D:6 |    1488 |       0 |   0.0 |      35 |       0 |   0.0
        D:7 |     175 |    2002 |  92.0 |       7 |       6 |  46.2
        D:8 |     357 |     902 |  71.6 |       8 |       1 |  11.1
        D:9 |    1455 |       0 |   0.0 |      24 |       0 |   0.0
       D:10 |     762 |     882 |  53.6 |      17 |      24 |  58.5
       D:11 |    8570 |    5532 |  39.2 |      36 |      16 |  30.8
       D:12 |    7351 |       0 |   0.0 |      44 |       0 |   0.0
       D:13 |    5715 |       0 |   0.0 |      36 |       0 |   0.0
       D:14 |    2212 |   12651 |  85.1 |       9 |      31 |  77.5
       D:15 |   19607 |    4427 |  18.4 |      38 |      22 |  36.7
     Lair:1 |    1363 |    1131 |  45.3 |       7 |       4 |  36.4
     Lair:2 |    2822 |    1191 |  29.7 |      14 |       2 |  12.5
     Lair:3 |    4089 |    1429 |  25.9 |      21 |      18 |  46.2
     Lair:4 |    8577 |     262 |   3.0 |      31 |       1 |   3.1
     Lair:5 |    2598 |    1843 |  41.5 |      10 |       5 |  33.3
     Lair:6 |   11141 |   16208 |  59.3 |      29 |      37 |  56.1
   Shoals:1 |   21887 |    7707 |  26.0 |      45 |      17 |  27.4
   Shoals:2 |   12192 |    3249 |  21.0 |      20 |       6 |  23.1
   Shoals:3 |    5058 |   11555 |  69.6 |      12 |      13 |  52.0
   Shoals:4 |   16664 |   25262 |  60.3 |      32 |      36 |  52.9
    Snake:1 |   14925 |       0 |   0.0 |      29 |       0 |   0.0
    Snake:2 |   15237 |    2552 |  14.3 |      31 |       8 |  20.5
    Snake:3 |   21013 |       0 |   0.0 |      42 |       0 |   0.0
    Snake:4 |   14030 |   49050 |  77.8 |      23 |      70 |  75.3
      Orc:1 |    1054 |     124 |  10.5 |      13 |      12 |  48.0
      Orc:2 |    2433 |   19002 |  88.6 |      27 |      39 |  59.1
      Elf:1 |   11573 |   13293 |  53.5 |      20 |      20 |  50.0
      Elf:2 |   25339 |   32211 |  56.0 |      42 |      40 |  48.8
      Elf:3 |   20405 |   40551 |  66.5 |      28 |      26 |  48.1
   Vaults:1 |   40874 |    9880 |  19.5 |      69 |      13 |  15.9
   Vaults:2 |   22756 |   39424 |  63.4 |      37 |      54 |  59.3
   Vaults:3 |   33136 |   40139 |  54.8 |      43 |      29 |  40.3
   Vaults:4 |   26688 |   15926 |  37.4 |      36 |      37 |  50.7
   Vaults:5 |   29203 |  107516 |  78.6 |      46 |      79 |  63.2
   Depths:1 |   50379 |    4709 |   8.5 |      57 |       6 |   9.5
   Depths:2 |   29330 |   15520 |  34.6 |      36 |      16 |  30.8
   Depths:3 |   40374 |   28416 |  41.3 |      46 |      39 |  45.9
   Depths:4 |   35360 |   14914 |  29.7 |      38 |      16 |  29.6
   Depths:5 |   21722 |   20500 |  48.6 |      27 |      14 |  34.1
      Zot:1 |   59313 |       0 |   0.0 |      38 |       0 |   0.0
      Zot:2 |   83976 |       0 |   0.0 |      55 |       0 |   0.0
      Zot:3 |   46414 |    6040 |  11.5 |      20 |       4 |  16.7
      Zot:4 |   56277 |    8131 |  12.6 |      35 |       4 |  10.3
      Zot:5 |   46017 |  192646 |  80.7 |      20 |      44 |  68.8
    Abyss:2 |   21808 |       0 |   0.0 |      48 |       0 |   0.0
    Abyss:3 |       0 |    2654 | 100.0 |       0 |       6 | 100.0
    Abyss:4 |   23079 |       0 |   0.0 |      53 |       0 |   0.0
      IceCv |       0 |    6493 | 100.0 |       0 |      54 | 100.0
            +---------+---------+-------+---------+---------+-------
